Dallas Stars vs Nashville Predators
Created - vendredi, 1 mai 2026 at 19:00
Goals
|
| Dallas Stars |
2 |
1 |
1 |
4 |
| Nashville Predators |
1 |
0 |
1 |
2 |
|
Shots
|
| Dallas Stars |
8 |
5 |
13 |
26 |
| Nashville Predators |
10 |
8 |
10 |
28 |
|
1st period
1. Dallas Stars , Jamie Benn 3 (Cole Sillinger 2, Nick Bjugstad 1) at 3:52
2. Nashville Predators , Cole Caufield 6 (Roman Josi 3, Kevin Fiala 4) at 4:10 (PP)
3. Dallas Stars , Logan Cooley 1 (J.J. Moser 2, Jonathan Marchessault 3) at 4:38
Penalties :
Jonathan Marchessault (DAL) for Hooking (Minor) at 3:53
2nd period
4. Dallas Stars , Kyle Connor 3 (Logan Cooley 5, Noah Dobson 3) at 19:07
Penalties :
No Penalty
3rd period
5. Dallas Stars , Kyle Connor 4 (Cole Sillinger 3, Moritz Seider 5) at 6:24
6. Nashville Predators , Steven Stamkos 2 (Filip Forsberg 5, Cole Caufield 4) at 7:58
Penalties :
Colin Blackwell (NSH) for High sticking (Minor) at 3:42, Filip Forsberg (NSH) for Hooking (Minor) at 9:00, Jalen Chatfield (NSH) for Hooking (Minor) at 17:15
Goalie Stats
Nico Daws (DAL), 26 saves from 28 shots - (0.929), W, 2-0-0, 60:00 minutes
Casey DeSmith (NSH), 7 saves from 7 shots - (1.000), 13:36 minutes
Connor Ingram (NSH), 15 saves from 19 shots - (0.789), L, 0-1-0, 46:24 minutes
Players Stats for Dallas Stars
Player Name G A P +/- PIM S H SB GA TA FO MP PP MP PK MP
------------------------------------------------------------------------------------
Alexander Petrovic 0 0 0 1 0 0 0 0 0 0 0/0 13:27 0:00 0:00
Cole Sillinger 0 2 2 2 0 3 1 0 0 0 9/15 13:05 0:00 0:17
Colton Parayko 0 0 0 0 0 0 0 2 0 0 0/0 23:33 2:19 0:00
J.J. Moser 0 1 1 1 0 3 0 0 0 0 0/0 13:27 0:00 0:00
Jamie Benn 1 0 1 1 0 1 3 0 0 0 2/4 14:38 2:23 0:00
Jason Robertson 0 0 0 0 0 2 0 0 0 0 0/1 19:12 3:23 0:00
Jonathan Marchessault 0 1 1 2 2 1 0 0 0 0 1/1 18:00 2:34 0:00
Kyle Connor 2 0 2 3 0 3 3 0 0 0 2/3 19:00 3:23 0:00
Leo Carlsson 0 0 0 0 0 1 0 0 0 0 10/21 18:00 2:34 0:00
Logan Cooley 1 1 2 2 0 4 1 0 0 0 7/19 15:27 0:00 0:00
Matthew Tkachuk 0 0 0 0 0 1 5 0 0 0 0/0 18:00 2:34 0:00
Mavrik Bourque 0 0 0 -1 0 2 0 0 0 0 0/1 11:05 1:00 0:00
Michael McCarron 0 0 0 -1 0 1 3 1 0 0 4/6 10:22 0:00 0:17
Miro Heiskanen 0 0 0 0 0 0 1 1 0 0 0/0 25:09 3:38 0:17
Moritz Seider 0 1 1 2 0 1 1 3 0 0 0/0 21:41 2:19 0:17
Nick Bjugstad 0 1 1 2 0 1 1 0 0 0 0/0 12:48 0:00 0:00
Noah Dobson 0 1 1 2 0 2 0 3 0 0 0/0 22:43 3:38 0:00
Pontus Holmberg 0 0 0 -1 0 0 0 0 0 0 1/1 10:05 0:00 0:00
Players Stats for Nashville Predators
Player Name G A P +/- PIM S H SB GA TA FO MP PP MP PK MP
------------------------------------------------------------------------------------
Adam Wilsby 0 0 0 -1 0 0 0 0 0 0 0/0 12:14 0:00 2:23
Brett Howden 0 0 0 -2 0 1 1 0 0 0 10/20 14:46 0:00 2:11
Cole Caufield 1 1 2 1 0 4 1 0 0 0 0/1 15:13 0:17 0:00
Cole Schwindt 0 0 0 -1 0 0 0 0 0 0 0/0 8:54 0:00 0:00
Colin Blackwell 0 0 0 -2 2 1 1 0 0 0 0/0 12:34 0:00 0:00
Filip Forsberg 0 1 1 1 2 5 1 0 0 0 0/0 17:03 0:00 2:08
Jalen Chatfield 0 0 0 -1 2 1 0 0 0 0 0/0 18:12 0:00 1:13
Jeremy Lauzon 0 0 0 -3 0 1 1 1 0 0 0/0 15:56 0:00 0:22
Jonny Brodzinski 0 0 0 -2 0 2 1 0 0 0 0/1 15:05 0:00 2:30
Kevin Fiala 0 1 1 -1 0 5 1 0 0 0 0/1 19:04 0:17 1:26
Kirill Marchenko 0 0 0 -1 0 3 1 0 0 0 0/0 17:38 0:17 0:00
Kris Letang 0 0 0 1 0 2 2 3 0 0 0/0 23:46 0:17 3:13
Matt Duchene 0 0 0 -1 0 1 0 0 0 0 9/18 17:53 0:00 0:32
Parker Wotherspoon 0 0 0 -3 0 0 0 2 0 0 0/0 18:12 0:00 1:18
Roman Josi 0 1 1 1 0 0 0 2 0 0 0/0 24:14 0:17 3:13
Samuel Girard 0 0 0 -1 0 0 0 3 0 0 0/0 18:27 0:00 2:35
Shane Wright 0 0 0 -1 0 0 0 0 0 0 5/11 8:54 0:00 0:00
Steven Stamkos 1 0 1 1 0 2 1 0 0 0 12/20 15:55 0:00 0:44
3 Stars
1 - Kyle Connor (DAL)
2 - Logan Cooley (DAL)
3 - Jamie Benn (DAL)
Power Play
Dallas Stars - 0 on 3 Attempt(s) - 0.00%
Nashville Predators - 1 on 1 Attempt(s) - 100.00%
Penalty Kill
Dallas Stars - 0 on 1 Attempt(s) - 0.00%
- Score 0 goal in Penalty Kill
Nashville Predators - 3 on 3 Attempt(s) - 100.00%
- Score 0 goal in Penalty Kill
Team Stat
Dallas Stars - Hits : 19 - Faceoff Wins : 36 - Blocked Shots : 10 - Penalty Minutes : 2
Nashville Predators - Hits : 11 - Faceoff Wins : 36 - Blocked Shots : 11 - Penalty Minutes : 6
Official
Referees : Chris Lee and Jean Hebert
Linesman : Trent Knorr and James Tobias
Game Notes
Casey DeSmith enters game at 6:24 of 3rd period
Finance
Level 1 -- Attendance: 8737 (87.37%) -- Ticket Income $ 1 039 703
Level 2 -- Attendance: 1911 (95.55%) -- Ticket Income $ 187 278
Level 3 -- Attendance: 2775 (79.29%) -- Ticket Income $ 191 475
Level 4 -- Attendance: 1270 (87.59%) -- Ticket Income $ 50 800
Luxury Box -- Attendance: 48 (96.00%) -- Ticket Income $ 11 856
Game was played at the Bridgestone Arena.
Total Attendance: 14741 (86.71%)
Total Ticket Income: $ 1 481 112
Total Income: $ 1 481 112
Dallas Stars
5 vs 5 Forward
Center Left Wing Right Wing Time % Phy DF OF
1 Leo Carlsson Matthew Tkachuk Jason Robertson 37 0 1 4
2 Logan Cooley Kyle Connor Jonathan Marchessault 34 1 2 2
3 Cole Sillinger Jamie Benn Nick Bjugstad 18 2 2 1
4 Michael McCarron Pontus Holmberg Mavrik Bourque 11 3 2 0
5 vs 5 Defense
Defense Defense Time % Phy DF OF
1 Noah Dobson Moritz Seider 39 1 3 1
2 Miro Heiskanen Colton Parayko 37 2 2 1
3 J.J. Moser Alexander Petrovic 12 3 2 0
4 Miro Heiskanen Colton Parayko 12 1 4 0
PowerPlay Forward
Center Left Wing Right Wing Time % Phy DF OF
1 Jamie Benn Kyle Connor Jason Robertson 60 0 0 5
2 Leo Carlsson Matthew Tkachuk Jonathan Marchessault 40 0 1 4
PowerPlay Defense
Defense Defense Time % Phy DF OF
1 Miro Heiskanen Noah Dobson 60 0 0 5
2 Moritz Seider Colton Parayko 40 0 1 4
Penalty Kill 4 Players Forward
Center Wing Time % Phy DF OF
1 Michael McCarron Cole Sillinger 55 2 3 0
2 Jamie Benn Michael McCarron 45 3 2 0
Penalty Kill 4 Players Defense
Defense Defense Time % Phy DF OF
1 Moritz Seider Miro Heiskanen 55 2 3 0
2 Colton Parayko J.J. Moser 45 3 2 0
Penalty Kill - 3 Players Forward
Forward Time % Phy DF OF
1 Cole Sillinger 60 1 4 0
2 Michael McCarron 40 2 3 0
Penalty Kill - 3 Players Defense
Defense Defense Time % Phy DF OF
1 Moritz Seider Miro Heiskanen 60 1 4 0
2 Colton Parayko J.J. Moser 40 2 3 0
4 vs 4 Forward
Center Wing Time % Phy DF OF
1 Logan Cooley Kyle Connor 55 1 1 3
2 Leo Carlsson Matthew Tkachuk 45 2 2 1
4 vs 4 Defense
Defense Defense Time % Phy DF OF
1 Miro Heiskanen Moritz Seider 55 1 1 3
2 Noah Dobson Colton Parayko 45 2 2 1
Last Minutes Offensive
Center Left Wing Right Wing Defense Defense
Logan Cooley Kyle Connor Jason Robertson Miro Heiskanen Noah Dobson
Last Minutes Defensive
Center Left Wing Right Wing Defense Defense
Michael McCarron Jamie Benn Cole Sillinger Moritz Seider Colton Parayko
Goaltenders
Starting : Nico Daws
Backup : Ukko-Pekka Luukkonen
Extra Forwards
Normal : Jason Robertson, Leo Carlsson, Cole Sillinger - PP : Kyle Connor, Mavrik Bourque - PK : Pontus Holmberg
Extra Defensemen
Normal : Noah Dobson, J.J. Moser, Alexander Petrovic - PP : Colton Parayko - PK : Moritz Seider, Miro Heiskanen
Penalty Shots
Kyle Connor, Jason Robertson, Noah Dobson, Leo Carlsson, Matthew Tkachuk
Custom OT Lines Forwards
Logan Cooley, Kyle Connor, Jason Robertson, Leo Carlsson, Matthew Tkachuk, Jonathan Marchessault, Cole Sillinger, Nick Bjugstad, Jamie Benn, Pontus Holmberg
Custom OT Lines Defensemen
Miro Heiskanen, Moritz Seider, Noah Dobson, Colton Parayko, J.J. Moser
Scratches
None
Nashville Predators
5 vs 5 Forward
Center Left Wing Right Wing Time % Phy DF OF
1 Matt Duchene Kirill Marchenko Kevin Fiala 34 1 1 3
2 Steven Stamkos Filip Forsberg Cole Caufield 30 1 2 2
3 Brett Howden Colin Blackwell Jonny Brodzinski 25 1 1 3
4 Shane Wright Cole Schwindt Adam Wilsby 11 1 4 0
5 vs 5 Defense
Defense Defense Time % Phy DF OF
1 Roman Josi Kris Letang 30 1 2 2
2 Samuel Girard Jalen Chatfield 30 1 2 2
3 Jeremy Lauzon Parker Wotherspoon 25 1 2 2
4 Jalen Chatfield Parker Wotherspoon 15 1 2 2
PowerPlay Forward
Center Left Wing Right Wing Time % Phy DF OF
1 Matt Duchene Filip Forsberg Steven Stamkos 50 0 0 5
2 Kevin Fiala Kirill Marchenko Cole Caufield 50 1 0 4
PowerPlay Defense
Defense Defense Time % Phy DF OF
1 Roman Josi Kris Letang 50 1 1 3
2 Samuel Girard Jalen Chatfield 50 1 1 3
Penalty Kill 4 Players Forward
Center Wing Time % Phy DF OF
1 Jonny Brodzinski Filip Forsberg 50 1 4 0
2 Brett Howden Adam Wilsby 50 1 4 0
Penalty Kill 4 Players Defense
Defense Defense Time % Phy DF OF
1 Roman Josi Kris Letang 50 1 4 0
2 Samuel Girard Jalen Chatfield 50 1 4 0
Penalty Kill - 3 Players Forward
Forward Time % Phy DF OF
1 Jonny Brodzinski 50 1 4 0
2 Brett Howden 50 1 4 0
Penalty Kill - 3 Players Defense
Defense Defense Time % Phy DF OF
1 Roman Josi Kris Letang 50 1 4 0
2 Samuel Girard Jalen Chatfield 50 1 4 0
4 vs 4 Forward
Center Wing Time % Phy DF OF
1 Filip Forsberg Cole Caufield 50 1 2 2
2 Kevin Fiala Kirill Marchenko 50 1 2 2
4 vs 4 Defense
Defense Defense Time % Phy DF OF
1 Roman Josi Kris Letang 50 1 2 2
2 Samuel Girard Jalen Chatfield 50 1 2 2
Last Minutes Offensive
Center Left Wing Right Wing Defense Defense
Kevin Fiala Filip Forsberg Cole Caufield Roman Josi Kris Letang
Last Minutes Defensive
Center Left Wing Right Wing Defense Defense
Brett Howden Filip Forsberg Kevin Fiala Roman Josi Kris Letang
Goaltenders
Starting : Connor Ingram
Backup : Casey DeSmith
Extra Forwards
Normal : Brett Howden, Shane Wright, Kevin Fiala - PP : Brett Howden, Shane Wright - PK : Kevin Fiala
Extra Defensemen
Normal : Jeremy Lauzon, Parker Wotherspoon, Adam Wilsby - PP : Jeremy Lauzon - PK : Parker Wotherspoon, Adam Wilsby
Penalty Shots
Kevin Fiala, Filip Forsberg, Colin Blackwell, Kirill Marchenko, Cole Caufield
Custom OT Lines Forwards
Brett Howden, Filip Forsberg, Steven Stamkos, Kirill Marchenko, Cole Caufield, Kevin Fiala, Cole Schwindt, Shane Wright, Colin Blackwell, Jonny Brodzinski
Custom OT Lines Defensemen
Roman Josi, Kris Letang, Samuel Girard, Jalen Chatfield, Jeremy Lauzon
Scratches
None
% Time on Ice - Dallas Stars
Lines # - Real PCT - Wanted PCT - Time Play
Normal Forward
1 - 29% - 37% - 15:26
2 - 29% - 34% - 15:27
3 - 24% - 18% - 12:48
4 - 19% - 11% - 10:05
Normal Defense
1 - 35% - 39% - 19:05
2 - 33% - 37% - 17:32
3 - 25% - 12% - 13:27
4 - 7% - 12% - 3:42
PP Forward
1 - 57% - 60% - 3:23
2 - 43% - 40% - 2:34
PP Defense
1 - 61% - 60% - 3:38
2 - 39% - 40% - 2:19
PK Forward
1 - 100% - 55% - 0:17
2 - 0% - 45% - 0:00
PK Defense
1 - 100% - 55% - 0:17
2 - 0% - 45% - 0:00
PK3 Forward
1 - 0% - 60%
2 - 0% - 40%
PK3 Defense
1 - 0% - 60%
2 - 0% - 40%
44 Forward
1 - 0% - 55%
2 - 0% - 45%
44 Defense
1 - 0% - 55%
2 - 0% - 45%
Last Minute Offensive - 0:00
Last Minute Defensive - 0:00
Total
Forward - 60:00
Defense - 60:00
|
% Time on Ice - Nashville Predators
Lines # - Real PCT - Wanted PCT - Time Play
Normal Forward
1 - 32% - 34% - 17:21
2 - 28% - 30% - 14:56
3 - 23% - 25% - 12:35
4 - 17% - 11% - 8:54
Normal Defense
1 - 38% - 30% - 20:21
2 - 30% - 30% - 15:52
3 - 26% - 25% - 13:52
4 - 7% - 15% - 3:41
PP Forward
1 - 0% - 50% - 0:00
2 - 100% - 50% - 0:17
PP Defense
1 - 100% - 50% - 0:17
2 - 0% - 50% - 0:00
PK Forward
1 - 60% - 50% - 3:34
2 - 40% - 50% - 2:23
PK Defense
1 - 52% - 50% - 3:04
2 - 48% - 50% - 2:53
PK3 Forward
1 - 0% - 50%
2 - 0% - 50%
PK3 Defense
1 - 0% - 50%
2 - 0% - 50%
44 Forward
1 - 0% - 50%
2 - 0% - 50%
44 Defense
1 - 0% - 50%
2 - 0% - 50%
Last Minute Offensive - 0:00
Last Minute Defensive - 0:00
Total
Forward - 60:00
Defense - 60:00
|
Play-by-Play
1st period
0:01 of 1st period - Leo Carlsson wins face-off versus Matt Duchene in neutral zone.
0:14 of 1st period - Shot by Kevin Fiala.
0:14 of 1st period - Stopped by Nico Daws with a rebound.
2:44 of 1st period - Shot by Mavrik Bourque.
2:44 of 1st period - Stopped by Connor Ingram without a rebound.
2:45 of 1st period - Steven Stamkos wins face-off versus Leo Carlsson in Nashville Predators zone.
3:19 of 1st period - Colton Parayko is hit by Filip Forsberg and loses puck.
3:44 of 1st period - Shot by Jonathan Marchessault.
3:44 of 1st period - Shot Blocked by Kris Letang.
3:46 of 1st period - Shot by Moritz Seider.
3:46 of 1st period - Stopped by Connor Ingram without a rebound.
3:47 of 1st period - Cole Sillinger wins face-off versus Shane Wright in Nashville Predators zone.
3:52 of 1st period - Shot by Jamie Benn.
3:52 of 1st period - Goal by Jamie Benn - Dallas Stars : 1 - Nashville Predators : 0.
3:53 of 1st period - Shane Wright wins face-off versus Kyle Connor in neutral zone.
3:53 of 1st period - Minor Penalty to Jonathan Marchessault for Hooking.
3:54 of 1st period - Michael McCarron wins face-off versus Kevin Fiala in Dallas Stars zone.
3:54 of 1st period - Michael McCarron is hit by Cole Caufield.
4:04 of 1st period - Shot by Kevin Fiala.
4:04 of 1st period - Shot Blocked by Moritz Seider.
4:10 of 1st period - Shot by Cole Caufield.
4:10 of 1st period - Goal by Cole Caufield - Dallas Stars : 1 - Nashville Predators : 1.
4:11 of 1st period - Logan Cooley wins face-off versus Brett Howden in neutral zone.
4:32 of 1st period - Shot by Jonathan Marchessault.
4:32 of 1st period - Deflect By Logan Cooley.
4:32 of 1st period - Shot Misses the Net.
4:34 of 1st period - Shot by J.J. Moser.
4:34 of 1st period - Deflect By Logan Cooley.
4:34 of 1st period - Shot Misses the Net.
4:38 of 1st period - Shot by Logan Cooley.
4:38 of 1st period - Goal by Logan Cooley - Dallas Stars : 2 - Nashville Predators : 1.
4:39 of 1st period - Cole Sillinger wins face-off versus Matt Duchene in neutral zone.
4:42 of 1st period - Kevin Fiala is hit by Jamie Benn and loses puck.
4:51 of 1st period - Shot by Matt Duchene.
4:51 of 1st period - Stopped by Nico Daws with a rebound.
5:49 of 1st period - Shot by Roman Josi.
5:49 of 1st period - Deflect By Filip Forsberg.
5:49 of 1st period - Shot Misses the Net.
6:03 of 1st period - Shot by Jeremy Lauzon.
6:03 of 1st period - Stopped by Nico Daws without a rebound.
6:04 of 1st period - Logan Cooley wins face-off versus Brett Howden in Dallas Stars zone.
6:45 of 1st period - Shane Wright is hit by Kyle Connor and loses puck.
7:29 of 1st period - Off-side.
7:30 of 1st period - Steven Stamkos wins face-off versus Leo Carlsson in neutral zone.
7:55 of 1st period - Off-side.
7:56 of 1st period - Cole Sillinger wins face-off versus Matt Duchene in neutral zone.
8:19 of 1st period - Shot by Kevin Fiala.
8:19 of 1st period - Shot Misses the Net.
8:24 of 1st period - Icing by Nick Bjugstad.
8:25 of 1st period - Brett Howden wins face-off versus Cole Sillinger in Dallas Stars zone.
8:49 of 1st period - Shot by Jonny Brodzinski.
8:49 of 1st period - Shot Misses the Net.
8:51 of 1st period - Shot by Jalen Chatfield.
8:51 of 1st period - Shot Misses the Net.
8:53 of 1st period - Shot by Colin Blackwell.
8:53 of 1st period - Shot Misses the Net.
8:55 of 1st period - Shot by Jonny Brodzinski.
8:55 of 1st period - Shot Misses the Net.
9:05 of 1st period - Shot by Cole Caufield.
9:05 of 1st period - Deflect By Steven Stamkos.
9:05 of 1st period - Stopped by Nico Daws without a rebound.
9:06 of 1st period - Leo Carlsson wins face-off versus Steven Stamkos in Dallas Stars zone.
9:17 of 1st period - Shot by Cole Caufield.
9:17 of 1st period - Stopped by Nico Daws without a rebound.
9:18 of 1st period - Kyle Connor wins face-off versus Matt Duchene in Dallas Stars zone.
9:18 of 1st period - Kyle Connor is hit by Kirill Marchenko.
10:43 of 1st period - Logan Cooley is hit by Jonny Brodzinski.
11:03 of 1st period - Shot by Brett Howden.
11:03 of 1st period - Stopped by Nico Daws without a rebound.
11:04 of 1st period - Michael McCarron wins face-off versus Shane Wright in Dallas Stars zone.
11:29 of 1st period - Shot by Michael McCarron.
11:29 of 1st period - Stopped by Connor Ingram with a rebound.
11:31 of 1st period - Shot by Noah Dobson.
11:31 of 1st period - Shot Blocked by Parker Wotherspoon.
11:33 of 1st period - Shot by Mavrik Bourque.
11:33 of 1st period - Shot Blocked by Jeremy Lauzon.
11:35 of 1st period - Shot by Mavrik Bourque.
11:35 of 1st period - Shot Misses the Net.
12:01 of 1st period - Shot by Jason Robertson.
12:01 of 1st period - Shot Misses the Net.
12:03 of 1st period - Shot by Jason Robertson.
12:03 of 1st period - Stopped by Connor Ingram with a rebound.
12:05 of 1st period - Shot by Matthew Tkachuk.
12:05 of 1st period - Shot Misses the Net.
12:07 of 1st period - Shot by J.J. Moser.
12:07 of 1st period - Shot Hit the Post.
13:28 of 1st period - Shot by Cole Caufield.
13:28 of 1st period - Stopped by Nico Daws without a rebound.
13:29 of 1st period - Leo Carlsson wins face-off versus Jonny Brodzinski in Dallas Stars zone.
14:13 of 1st period - Icing by Samuel Girard.
14:14 of 1st period - Steven Stamkos wins face-off versus Logan Cooley in Nashville Predators zone.
14:33 of 1st period - Shot by Filip Forsberg.
14:33 of 1st period - Deflect By Steven Stamkos.
14:33 of 1st period - Shot Misses the Net.
15:35 of 1st period - Kevin Fiala is hit by Michael McCarron and loses puck.
15:46 of 1st period - Shot by Kevin Fiala.
15:46 of 1st period - Shot Misses the Net.
15:48 of 1st period - Shot by Kevin Fiala.
15:48 of 1st period - Shot Misses the Net.
15:50 of 1st period - Shot by Kris Letang.
15:50 of 1st period - Stopped by Nico Daws without a rebound.
15:51 of 1st period - Brett Howden wins face-off versus Leo Carlsson in Dallas Stars zone.
16:08 of 1st period - Colin Blackwell is hit by Matthew Tkachuk and loses puck.
16:40 of 1st period - Off-side.
16:41 of 1st period - Matt Duchene wins face-off versus Michael McCarron in neutral zone.
17:24 of 1st period - Matt Duchene is hit by Kyle Connor.
17:40 of 1st period - Shot by Logan Cooley.
17:40 of 1st period - Stopped by Connor Ingram without a rebound.
17:41 of 1st period - Steven Stamkos wins face-off versus Cole Sillinger in Nashville Predators zone.
18:05 of 1st period - Shot by Cole Caufield.
18:05 of 1st period - Stopped by Nico Daws without a rebound.
18:06 of 1st period - Leo Carlsson wins face-off versus Shane Wright in Dallas Stars zone.
18:17 of 1st period - Shot by Leo Carlsson.
18:17 of 1st period - Deflect By Matthew Tkachuk.
18:17 of 1st period - Stopped by Connor Ingram without a rebound.
18:18 of 1st period - Brett Howden wins face-off versus Logan Cooley in Nashville Predators zone.
19:19 of 1st period - Shot by Kevin Fiala.
19:19 of 1st period - Shot Misses the Net.
19:35 of 1st period - Off-side.
19:36 of 1st period - Cole Sillinger wins face-off versus Steven Stamkos in neutral zone.
19:45 of 1st period - Shot by Cole Sillinger.
19:45 of 1st period - Shot Misses the Net.
19:47 of 1st period - Shot by Moritz Seider.
19:47 of 1st period - Shot Misses the Net.
Goals for this period are 2 for Dallas Stars vs 1 for Nashville Predators.
Shots for this period are 8 for Dallas Stars vs 10 for Nashville Predators.
2nd period
0:01 of 2nd period - Matt Duchene wins face-off versus Leo Carlsson in neutral zone.
0:40 of 2nd period - Icing by Matthew Tkachuk.
0:41 of 2nd period - Steven Stamkos wins face-off versus Leo Carlsson in Dallas Stars zone.
0:49 of 2nd period - Cole Caufield is hit by Miro Heiskanen and loses puck.
0:56 of 2nd period - Shot by Cole Caufield.
0:56 of 2nd period - Shot Misses the Net.
1:17 of 2nd period - Filip Forsberg is hit by Moritz Seider and loses puck.
3:45 of 2nd period - Shot by Cole Caufield.
3:45 of 2nd period - Shot Misses the Net.
4:19 of 2nd period - Shot by Jason Robertson.
4:19 of 2nd period - Shot Blocked by Roman Josi.
4:21 of 2nd period - Shot by J.J. Moser.
4:21 of 2nd period - Stopped by Connor Ingram without a rebound.
4:22 of 2nd period - Cole Sillinger wins face-off versus Matt Duchene in Nashville Predators zone.
4:42 of 2nd period - Shot by Kirill Marchenko.
4:42 of 2nd period - Shot Misses the Net.
4:49 of 2nd period - Icing by Cole Sillinger.
4:50 of 2nd period - Brett Howden wins face-off versus Cole Sillinger in Dallas Stars zone.
4:53 of 2nd period - Shot by Jonny Brodzinski.
4:53 of 2nd period - Stopped by Nico Daws without a rebound.
4:54 of 2nd period - Michael McCarron wins face-off versus Steven Stamkos in Dallas Stars zone.
6:31 of 2nd period - Shane Wright is hit by Michael McCarron and loses puck.
7:06 of 2nd period - Shot by Kevin Fiala.
7:06 of 2nd period - Shot Blocked by Colton Parayko.
7:16 of 2nd period - Shot by Miro Heiskanen.
7:16 of 2nd period - Shot Hit the Post.
7:18 of 2nd period - Shot by Leo Carlsson.
7:18 of 2nd period - Shot Blocked by Samuel Girard.
7:43 of 2nd period - Off-side.
7:44 of 2nd period - Cole Sillinger wins face-off versus Cole Caufield in neutral zone.
8:17 of 2nd period - Nick Bjugstad is hit by Steven Stamkos and loses puck.
8:25 of 2nd period - Off-side.
8:26 of 2nd period - Brett Howden wins face-off versus Logan Cooley in neutral zone.
8:47 of 2nd period - Off-side.
8:48 of 2nd period - Leo Carlsson wins face-off versus Shane Wright in neutral zone.
9:07 of 2nd period - Icing by Jeremy Lauzon.
9:08 of 2nd period - Shane Wright wins face-off versus Logan Cooley in Nashville Predators zone.
10:12 of 2nd period - Shot by Kirill Marchenko.
10:12 of 2nd period - Stopped by Nico Daws with a rebound.
10:43 of 2nd period - Jalen Chatfield is hit by Jamie Benn and loses puck.
11:03 of 2nd period - Icing by Kyle Connor.
11:04 of 2nd period - Steven Stamkos wins face-off versus Logan Cooley in Dallas Stars zone.
12:05 of 2nd period - Shot by Parker Wotherspoon.
12:05 of 2nd period - Shot Misses the Net.
12:18 of 2nd period - Icing by Logan Cooley.
12:19 of 2nd period - Shane Wright wins face-off versus Logan Cooley in Dallas Stars zone.
12:58 of 2nd period - Adam Wilsby is hit by Matthew Tkachuk and loses puck.
13:32 of 2nd period - Shot by Cole Caufield.
13:32 of 2nd period - Shot Misses the Net.
13:40 of 2nd period - Samuel Girard is hit by Jamie Benn.
14:30 of 2nd period - Shot by Matt Duchene.
14:30 of 2nd period - Shot Blocked by Moritz Seider.
14:32 of 2nd period - Shot by Roman Josi.
14:32 of 2nd period - Shot Misses the Net.
14:36 of 2nd period - Shot by Kevin Fiala.
14:36 of 2nd period - Stopped by Nico Daws with a rebound.
14:38 of 2nd period - Shot by Jalen Chatfield.
14:38 of 2nd period - Stopped by Nico Daws without a rebound.
14:39 of 2nd period - Leo Carlsson wins face-off versus Brett Howden in Dallas Stars zone.
14:46 of 2nd period - Brett Howden is hit by Matthew Tkachuk and loses puck.
15:47 of 2nd period - Shot by Cole Sillinger.
15:47 of 2nd period - Shot Blocked by Parker Wotherspoon.
15:59 of 2nd period - Shot by Kirill Marchenko.
15:59 of 2nd period - Stopped by Nico Daws without a rebound.
16:00 of 2nd period - Steven Stamkos wins face-off versus Logan Cooley in Dallas Stars zone.
16:01 of 2nd period - Shot by Filip Forsberg.
16:01 of 2nd period - Stopped by Nico Daws without a rebound.
16:02 of 2nd period - Steven Stamkos wins face-off versus Logan Cooley in Dallas Stars zone.
16:37 of 2nd period - Shot by Kyle Connor.
16:37 of 2nd period - Deflect By Jonathan Marchessault.
16:37 of 2nd period - Stopped by Connor Ingram without a rebound.
16:38 of 2nd period - Matt Duchene wins face-off versus Michael McCarron in Nashville Predators zone.
16:51 of 2nd period - Shot by Mavrik Bourque.
16:51 of 2nd period - Stopped by Connor Ingram without a rebound.
16:52 of 2nd period - Matt Duchene wins face-off versus Leo Carlsson in Nashville Predators zone.
17:32 of 2nd period - Matt Duchene is hit by Michael McCarron and loses puck.
17:49 of 2nd period - Icing by Noah Dobson.
17:50 of 2nd period - Steven Stamkos wins face-off versus Mavrik Bourque in Dallas Stars zone.
17:55 of 2nd period - Shot by Filip Forsberg.
17:55 of 2nd period - Shot Blocked by Noah Dobson.
17:59 of 2nd period - Shot by Filip Forsberg.
17:59 of 2nd period - Shot Blocked by Noah Dobson.
18:01 of 2nd period - Shot by Roman Josi.
18:01 of 2nd period - Shot Misses the Net.
18:05 of 2nd period - Shot by Kris Letang.
18:05 of 2nd period - Shot Misses the Net.
18:07 of 2nd period - Shot by Kris Letang.
18:07 of 2nd period - Shot Blocked by Moritz Seider.
18:09 of 2nd period - Shot by Kris Letang.
18:09 of 2nd period - Shot Misses the Net.
18:11 of 2nd period - Shot by Kris Letang.
18:11 of 2nd period - Stopped by Nico Daws without a rebound.
18:12 of 2nd period - Logan Cooley wins face-off versus Brett Howden in Dallas Stars zone.
18:14 of 2nd period - Icing by Kyle Connor.
18:15 of 2nd period - Logan Cooley wins face-off versus Brett Howden in Dallas Stars zone.
18:24 of 2nd period - Shot by Kyle Connor.
18:24 of 2nd period - Stopped by Connor Ingram without a rebound.
18:25 of 2nd period - Steven Stamkos wins face-off versus Leo Carlsson in Nashville Predators zone.
18:25 of 2nd period - Steven Stamkos is hit by Matthew Tkachuk.
18:45 of 2nd period - Shot by Filip Forsberg.
18:45 of 2nd period - Stopped by Nico Daws without a rebound.
18:46 of 2nd period - Brett Howden wins face-off versus Logan Cooley in Dallas Stars zone.
18:49 of 2nd period - Shot by Colin Blackwell.
18:49 of 2nd period - Shot Misses the Net.
19:05 of 2nd period - Shot by Logan Cooley.
19:05 of 2nd period - Shot Blocked by Samuel Girard.
19:07 of 2nd period - Shot by Kyle Connor.
19:07 of 2nd period - Goal by Kyle Connor - Dallas Stars : 3 - Nashville Predators : 1.
19:08 of 2nd period - Leo Carlsson wins face-off versus Matt Duchene in neutral zone.
19:08 of 2nd period - Leo Carlsson is hit by Kevin Fiala.
19:52 of 2nd period - Icing by Kevin Fiala.
19:53 of 2nd period - Matt Duchene wins face-off versus Logan Cooley in Nashville Predators zone.
Goals for this period are 1 for Dallas Stars vs 0 for Nashville Predators.
Shots for this period are 5 for Dallas Stars vs 8 for Nashville Predators.
3rd period
0:01 of 3rd period - Matt Duchene wins face-off versus Leo Carlsson in neutral zone.
0:10 of 3rd period - Shot by Kevin Fiala.
0:10 of 3rd period - Stopped by Nico Daws without a rebound.
0:11 of 3rd period - Kyle Connor wins face-off versus Brett Howden in Dallas Stars zone.
0:11 of 3rd period - Kyle Connor is hit by Brett Howden.
1:11 of 3rd period - Shot by Kevin Fiala.
1:11 of 3rd period - Stopped by Nico Daws with a rebound.
1:13 of 3rd period - Shot by Jalen Chatfield.
1:13 of 3rd period - Shot Misses the Net.
1:15 of 3rd period - Shot by Kevin Fiala.
1:15 of 3rd period - Stopped by Nico Daws without a rebound.
1:16 of 3rd period - Cole Sillinger wins face-off versus Steven Stamkos in Dallas Stars zone.
1:23 of 3rd period - Shot by Nick Bjugstad.
1:23 of 3rd period - Deflect By Cole Sillinger.
1:23 of 3rd period - Stopped by Connor Ingram without a rebound.
1:24 of 3rd period - Shane Wright wins face-off versus Leo Carlsson in Nashville Predators zone.
2:45 of 3rd period - Shot by Noah Dobson.
2:45 of 3rd period - Stopped by Connor Ingram without a rebound.
2:46 of 3rd period - Logan Cooley wins face-off versus Steven Stamkos in Nashville Predators zone.
2:49 of 3rd period - Shot by Logan Cooley.
2:49 of 3rd period - Shot Misses the Net.
2:51 of 3rd period - Shot by Logan Cooley.
2:51 of 3rd period - Stopped by Connor Ingram without a rebound.
2:52 of 3rd period - Logan Cooley wins face-off versus Steven Stamkos in Nashville Predators zone.
3:03 of 3rd period - Shot by Logan Cooley.
3:03 of 3rd period - Shot Misses the Net.
3:07 of 3rd period - Shot by Jonathan Marchessault.
3:07 of 3rd period - Shot Blocked by Samuel Girard.
3:09 of 3rd period - Shot by J.J. Moser.
3:09 of 3rd period - Shot Misses the Net.
3:23 of 3rd period - Shot by Logan Cooley.
3:23 of 3rd period - Stopped by Connor Ingram without a rebound.
3:24 of 3rd period - Brett Howden wins face-off versus Cole Sillinger in Nashville Predators zone.
3:24 of 3rd period - Brett Howden is hit by Nick Bjugstad.
3:34 of 3rd period - Colton Parayko is hit by Colin Blackwell and loses puck.
3:42 of 3rd period - Minor Penalty to Colin Blackwell for High sticking.
3:43 of 3rd period - Leo Carlsson wins face-off versus Brett Howden in Nashville Predators zone.
3:48 of 3rd period - Shot by Matthew Tkachuk.
3:48 of 3rd period - Deflect By Jonathan Marchessault.
3:48 of 3rd period - Shot Misses the Net.
4:08 of 3rd period - Shot by Filip Forsberg.
4:08 of 3rd period - Shot Misses the Net.
4:10 of 3rd period - Shot by Jalen Chatfield.
4:10 of 3rd period - Shot Blocked by Miro Heiskanen.
4:12 of 3rd period - Shot by Jonny Brodzinski.
4:12 of 3rd period - Shot Blocked by Noah Dobson.
4:18 of 3rd period - Shot by Jonny Brodzinski.
4:18 of 3rd period - Stopped by Nico Daws with a rebound.
4:24 of 3rd period - Shot by Filip Forsberg.
4:24 of 3rd period - Stopped by Nico Daws with a rebound.
5:23 of 3rd period - Shot by Kyle Connor.
5:23 of 3rd period - Shot Misses the Net.
6:22 of 3rd period - Shot by Cole Sillinger.
6:22 of 3rd period - Stopped by Connor Ingram with a rebound.
6:24 of 3rd period - Shot by Cole Sillinger.
6:24 of 3rd period - Deflect By Kyle Connor.
6:24 of 3rd period - Goal by Kyle Connor - Dallas Stars : 4 - Nashville Predators : 1.
6:24 of 3rd period - Casey DeSmith enters game.
6:25 of 3rd period - Cole Sillinger wins face-off versus Brett Howden in neutral zone.
6:38 of 3rd period - Shot by Colton Parayko.
6:38 of 3rd period - Shot Misses the Net.
6:45 of 3rd period - Shot by Cole Sillinger.
6:45 of 3rd period - Shot Blocked by Roman Josi.
6:47 of 3rd period - Shot by Cole Sillinger.
6:47 of 3rd period - Stopped by Casey DeSmith without a rebound.
6:48 of 3rd period - Shane Wright wins face-off versus Logan Cooley in Nashville Predators zone.
7:56 of 3rd period - Shot by Filip Forsberg.
7:56 of 3rd period - Shot Blocked by Michael McCarron.
7:58 of 3rd period - Shot by Steven Stamkos.
7:58 of 3rd period - Goal by Steven Stamkos - Dallas Stars : 4 - Nashville Predators : 2.
7:59 of 3rd period - Brett Howden wins face-off versus Cole Sillinger in neutral zone.
8:02 of 3rd period - Shot by Colin Blackwell.
8:02 of 3rd period - Stopped by Nico Daws without a rebound.
8:03 of 3rd period - Cole Sillinger wins face-off versus Brett Howden in Dallas Stars zone.
8:03 of 3rd period - Jamie Benn is hit by Jeremy Lauzon and loses puck.
8:37 of 3rd period - Shot by Jamie Benn.
8:37 of 3rd period - Deflect By Nick Bjugstad.
8:37 of 3rd period - Stopped by Casey DeSmith without a rebound.
8:38 of 3rd period - Matt Duchene wins face-off versus Jason Robertson in Nashville Predators zone.
8:38 of 3rd period - Matt Duchene is hit by Matthew Tkachuk.
8:41 of 3rd period - Icing by Roman Josi.
8:42 of 3rd period - Matt Duchene wins face-off versus Leo Carlsson in Nashville Predators zone.
8:53 of 3rd period - Shot by Matthew Tkachuk.
8:53 of 3rd period - Shot Misses the Net.
8:59 of 3rd period - Shot by Kirill Marchenko.
8:59 of 3rd period - Stopped by Nico Daws without a rebound.
9:00 of 3rd period - Logan Cooley wins face-off versus Steven Stamkos in Dallas Stars zone.
9:00 of 3rd period - Minor Penalty to Filip Forsberg for Hooking.
9:01 of 3rd period - Brett Howden wins face-off versus Jamie Benn in Nashville Predators zone.
9:48 of 3rd period - Shot by Colton Parayko.
9:48 of 3rd period - Shot Misses the Net.
9:50 of 3rd period - Shot by Moritz Seider.
9:50 of 3rd period - Shot Misses the Net.
10:48 of 3rd period - Matt Duchene is hit by Kyle Connor and loses puck.
11:16 of 3rd period - Icing by Alexander Petrovic.
11:17 of 3rd period - Jamie Benn wins face-off versus Steven Stamkos in Dallas Stars zone.
11:29 of 3rd period - Shot by Filip Forsberg.
11:29 of 3rd period - Stopped by Nico Daws without a rebound.
11:30 of 3rd period - Pontus Holmberg wins face-off versus Matt Duchene in Dallas Stars zone.
12:27 of 3rd period - Shot by Colin Blackwell.
12:27 of 3rd period - Shot Misses the Net.
13:56 of 3rd period - Shot by Miro Heiskanen.
13:56 of 3rd period - Shot Misses the Net.
15:06 of 3rd period - Shot by Kyle Connor.
15:06 of 3rd period - Shot Misses the Net.
15:30 of 3rd period - Roman Josi is hit by Logan Cooley and loses puck.
16:00 of 3rd period - Off-side.
16:01 of 3rd period - Michael McCarron wins face-off versus Matt Duchene in neutral zone.
16:18 of 3rd period - Shot by Noah Dobson.
16:18 of 3rd period - Stopped by Casey DeSmith without a rebound.
16:19 of 3rd period - Leo Carlsson wins face-off versus Shane Wright in Nashville Predators zone.
16:19 of 3rd period - Matthew Tkachuk is hit by Kris Letang and loses puck.
16:23 of 3rd period - Icing by Kris Letang.
16:24 of 3rd period - Leo Carlsson wins face-off versus Shane Wright in Nashville Predators zone.
16:29 of 3rd period - Shot by Jason Robertson.
16:29 of 3rd period - Shot Blocked by Kris Letang.
16:31 of 3rd period - Shot by Matthew Tkachuk.
16:31 of 3rd period - Shot Blocked by Kris Letang.
16:33 of 3rd period - Shot by Matthew Tkachuk.
16:33 of 3rd period - Shot Misses the Net.
16:37 of 3rd period - Shot by Leo Carlsson.
16:37 of 3rd period - Stopped by Casey DeSmith without a rebound.
16:38 of 3rd period - Steven Stamkos wins face-off versus Logan Cooley in Nashville Predators zone.
16:47 of 3rd period - Shot by Filip Forsberg.
16:47 of 3rd period - Stopped by Nico Daws without a rebound.
16:48 of 3rd period - Matt Duchene wins face-off versus Leo Carlsson in Dallas Stars zone.
17:04 of 3rd period - Icing by Samuel Girard.
17:05 of 3rd period - Jonathan Marchessault wins face-off versus Matt Duchene in Nashville Predators zone.
17:15 of 3rd period - Minor Penalty to Jalen Chatfield for Hooking.
17:16 of 3rd period - Jamie Benn wins face-off versus Brett Howden in Nashville Predators zone.
17:17 of 3rd period - Shot by Miro Heiskanen.
17:17 of 3rd period - Shot Misses the Net.
17:19 of 3rd period - Shot by Jason Robertson.
17:19 of 3rd period - Stopped by Casey DeSmith without a rebound.
17:20 of 3rd period - Brett Howden wins face-off versus Jamie Benn in Nashville Predators zone.
17:48 of 3rd period - Kyle Connor is hit by Kris Letang.
19:37 of 3rd period - Shot by J.J. Moser.
19:37 of 3rd period - Stopped by Casey DeSmith with a rebound.
19:39 of 3rd period - Shot by J.J. Moser.
19:39 of 3rd period - Shot Misses the Net.
19:41 of 3rd period - Shot by J.J. Moser.
19:41 of 3rd period - Stopped by Casey DeSmith without a rebound.
19:42 of 3rd period - Steven Stamkos wins face-off versus Cole Sillinger in Nashville Predators zone.
19:42 of 3rd period - Steven Stamkos is hit by Cole Sillinger.
19:56 of 3rd period - Shot by Filip Forsberg.
19:56 of 3rd period - Shot Blocked by Colton Parayko.
19:58 of 3rd period - Shot by Kris Letang.
19:58 of 3rd period - Shot Misses the Net.
Goals for this period are 1 for Dallas Stars vs 1 for Nashville Predators.
Shots for this period are 13 for Dallas Stars vs 10 for Nashville Predators.
Back to the Top